 Dungeon Crawl Stone Soup version 0.30.1 (webtiles) character file.

Game seed: 7547389781122684797

25276 boopmooplesden the Cruncher (level 13, -4/85 HPs)
             Began as a Gargoyle Gladiator on July 11, 2023.
             Was a Priest of Trog.
             Slain by a komodo dragon (13 damage)
             ... on level 2 of the Lair of Beasts.
             The game lasted 00:24:04 (12089 turns).

boopmooplesden the Cruncher (Gargoyle Gladiator)   Turns: 12089, Time: 00:24:05

Health: -4/85      AC: 33    Str: 22    XL:     13   Next: 18%
Magic:  13/13      EV:  9    Int: 16    God:    Trog [***...]
Gold:   1125       SH:  0    Dex: 11    Spells: 12/12 levels left

rFire   . . .        a - +4 quarterstaff (elec)
rCold   . . .        (shield currently unavailable)
rNeg    + . .        K - +0 plate armour
rPois   ∞            c - +2 helmet
rElec   +            M - +1 cloak
rCorr   .            (no gloves)
SInv    .            m - +1 pair of boots
Will    .....        F - amulet of regeneration
Stlth   x              - +6 ring of intelligence
HPRegen 1.14/turn    (no ring)
MPRegen 0.13/turn

%: no passive effects
@: no status effects
A: sickness immunity, AC +9, negative energy resistance 1, electricity
resistance, torment resistance 1, petrification resistance
a: Renounce Religion, Berserk, Trog's Hand


You were on level 2 of the Lair of Beasts.
You worshipped Trog.
Trog was most pleased with you.
You visited 3 branches of the dungeon, and saw 15 of its levels.
You also visited: Sewer and Ossuary.

You collected 1169 gold pieces.
You spent 44 gold pieces at shops.

Inventory:

Hand Weapons
 a - a +4 quarterstaff of electrocution (weapon)
 t - the +6 falchion "Rossa" {venom, rF+ rC+ Dex+4}
   (You found it on level 2 of the Dungeon)

   Dex:       It affects your dexterity (+4).
   rF:        It protects you from fire.
   rC:        It protects you from cold.
Missiles
 p - 10 boomerangs (quivered)
 G - a javelin
Armour
 c - a +2 helmet (worn)
 m - a +1 pair of boots (worn)
 K - a +0 plate armour (worn)
 M - a +1 cloak (worn)
Jewellery
 u - a ring of willpower
 x - a +6 ring of intelligence (left hand)
 F - an amulet of regeneration (around neck)
 H - a ring of positive energy
 N - a ring of fire
Wands
 e - a wand of polymorph (3)
 o - a wand of flame (29)
 D - a wand of paralysis (11)
 Q - a wand of digging (6)
Scrolls
 b - 3 scrolls of fog
 h - 7 scrolls of teleportation
 i - 2 scrolls of poison
 j - 4 scrolls of identify
 l - 3 scrolls of amnesia
 s - 3 scrolls of magic mapping
 C - 3 scrolls of blinking
 E - 2 scrolls of butterflies
 L - a scroll of fear
Potions
 d - 4 potions of might
 f - 4 potions of heal wounds
 g - a potion of lignification
 k - 3 potions of mutation
 n - 5 potions of attraction {unknown}
 q - 4 potions of curing
 r - a potion of magic {unknown}
 v - 2 potions of flight {unknown}
 w - 2 potions of brilliance
 z - 2 potions of cancellation {unknown}
 A - 3 potions of haste
 B - 3 potions of invisibility {unknown}
 I - a potion of degeneration {unknown}
 P - a potion of resistance {unknown}
Miscellaneous
 y - a box of beasts
 J - a phantom mirror


   Skills:
 + Level 11.7 Fighting
 + Level 14.5 Staves
 + Level 2.0 Throwing
 + Level 12.3 Armour
 + Level 5.5 Dodging
 + Level 2.5 Stealth
 + Level 1.0 Evocations


You had 12 spell levels left.
You didn't know any spells.
Your spell library contained the following spells:

 Spells                   Type           Power      Damage    Failure   Level
 Necrotise                Necr           0%         1d4       96%         1
 Hailstorm                Conj/Ice       0%         3d3       100%        3
 Vampiric Draining        Necr           0%         2d6       100%        3
 Ice Form                 Ice/Tmut       0%         N/A       100%        4
 Agony                    Necr           0%         N/A       100%        5
 Simulacrum               Ice/Necr       0%         N/A       100%        6


Dungeon Overview and Level Annotations

Branches:
Dungeon (12/15)            Temple (1/1) D:7            Lair (2/5) D:10
    Orc (0/2) D:11          Sewer (visited)         Ossuary (visited)
  Swamp: Lair:2-3    Shoals: Lair:2-3     Snake: Lair:2-3    Spider: Lair:2-3

Altars:
Ashenzari
Gozag
Hepliaklqana
Kikubaaqudgha
Makhleb
Ru
Sif Muna
Trog
Uskayaw
Vehumet
Yredelemnul
Zin
The Shining One

Shops:
D:2 ?   D:4 :

Portals:
Trove: D:10 (give 5 scrolls of fog)

Annotations:
Lair:2 exclusion: oklob plant, Erica, Nergalle


Innate Abilities, Weirdness & Mutations

You are immune to sickness and miasma.
Your stone body is resilient. (AC +9)
You are immune to poison.
You resist negative energy. (rN+)
You are resistant to electric shocks. (rElec)
You are resistant to unholy torment.
You are immune to petrification.


Message History

The water moccasin barely misses you.
You are too confused!
You sock Erica!
Erica is lightly wounded.
The water moccasin bites you but does no damage.
You bump into the rock wall.
The komodo dragon bites you but does no damage.
Erica barely misses you. The komodo dragon barely misses you.
The water moccasin bites you but does no damage.
You bump into the rock wall.
The komodo dragon barely misses you.
Erica hits you with a +2 scimitar of flaming.
Erica burns you. The komodo dragon bites you!!
The water moccasin bites you but does no damage.
You hit Erica but do no damage. Lightning courses through Erica!
Erica is heavily wounded.
The water moccasin bites you but does no damage.
The komodo dragon bites you!
Erica hits you with a +2 scimitar of flaming!
Erica burns you.
The komodo dragon bites you but does no damage.
You bump into the rock wall.
The water moccasin bites you but does no damage.
The komodo dragon bites you!! Erica closely misses you.
The komodo dragon bites you!!
* * * LOW HITPOINT WARNING * * *
The water moccasin bites you but does no damage.
Unknown command.
You sock the water moccasin!
You kill the water moccasin!
Trog accepts your kill.
The komodo dragon bites you but does no damage.
Erica barely misses you.
The komodo dragon bites you but does no damage. x2
You bump into the rock wall.
You feel less confused.
The komodo dragon bites you but does no damage.
Erica says, "I love to fight, but killing is better."
Erica points at you and mumbles some strange words.
You resist with some effort. The komodo dragon bites you!
You die...

##.....##.... ....#
#P.....#..... .....#
......#....# .....##...
......#...+ #.#.......
.........# . #..#.#....
....#...#.# ........... ##
#@o#......#
..<........##P##@l#......#
...............l†l......#.
.........................#
.#.##....................#
.).........#...##P#......#
..........###..####)......
.....P....##.....# ../=.##
..........##.....# .....#
.....#....##.....##.....#


You could see Erica, Nergalle and 3 komodo dragons.

Vanquished Creatures
  A hydra (Lair:1)
  5 two-headed ogres
  Sonja (D:10)
  Amaemon (Lair:2)
  A skyshark (Lair:2)
  Pikel (D:7)
  Maurice (D:10)
  5 elephants (Lair:2)
  A black mamba (Lair:1)
  The ghost of salammoniac the Transmogrifier, a novice FeCK of Gozag (Lair:1)
  4 cane toads
  Joseph (D:10)
  An orange demon (Lair:2)
  4 komodo dragons
  A kobold demonologist (D:9)
  2 polar bears (Lair:1)
  A hornet (D:9)
  4 trolls
  A blink frog (shapeshifter) (D:10)
  3 blink frogs (Lair:1)
  2 wraiths
  4 wyverns
  A shadow (D:11)
  2 basilisks (Lair:1)
  11 yaks
  6 humans (D:10)
  Menkaure (D:5)
  4 water moccasins
  Duvessa (D:4)
  An acid dragon (D:11)
  4 orc warriors
  2 ice beasts (D:7)
  2 sky beasts
  2 black bears
  9 wolves (Lair:1)
  5 centaurs
  10 ogres
  2 phantoms
  5 kobold brigands
  6 bullfrogs
  2 elf skeletons (D:5)
  4 gnoll sergeants
  2 scorpions
  15 wights
  Dowan (D:4)
  21 killer bees
  5 howler monkeys
  An electric eel (D:9)
  4 jellies
  2 hounds
  A human zombie (D:5)
  3 orc priests
  10 iguanas
  A sleepcap (D:5)
  6 orc wizards
  A human skeleton (D:5)
  8 mummies (Ossuary)
  16 gnolls
  9 adders
  6 river rats (D:6)
  A worm (D:2)
  2 dart slugs (D:1)
  30 orcs
  16 endoplasms
  10 giant cockroaches
  3 gnoll zombies (Ossuary)
  12 goblins
  8 hobgoblins
  7 jackals
  28 kobolds
  18 quokkas
  4 ball pythons
  5 bats
  11 frilled lizards
  3 hobgoblin zombies (Ossuary)
  2 kobold zombies (Ossuary)
  2 orc skeletons (D:5)
  21 rats
421 creatures vanquished.

Vanquished Creatures (others)
  A frilled lizard (D:1)
1 creature vanquished.

Grand Total: 422 creatures vanquished

Notes
Turn   | Place    | Note
-------+----------+-------------------------------------------
     0 | D:1      | boopmooplesden the Gargoyle Gladiator began the quest for
                  | the Orb.
     0 | D:1      | Reached XP level 1. HP: 12/12 MP: 1/1
   127 | D:1      | Reached XP level 2. HP: 17/18 MP: 2/2
   270 | D:1      | Found a faded altar of an unknown god.
   303 | D:1      | Reached XP level 3. HP: 22/22 MP: 3/3
   684 | D:2      | Found Etaopual's Magic Scroll Boutique.
   720 | D:2      | Identified the +6 falchion "Rossa" {venom, rF+ rC+ Dex+4}
   790 | D:2      | Reached XP level 4. HP: 24/28 MP: 4/4
   794 | D:2      | Reached skill level 4 in Staves
   882 | D:2      | Reached skill level 1 in Armour
   934 | D:2      | Reached XP level 5. HP: 24/32 MP: 5/5
  2307 | D:4      | Reached XP level 6. HP: 12/37 MP: 6/6
  2412 | D:4      | Found Jopyliwy's Book Emporium.
  2446 | D:4      | Reached skill level 5 in Staves
  2577 | D:4      | Found a radiant altar of Vehumet.
  2791 | D:4      | Found a sacrificial altar of Ru.
  2842 | D:4      | Reached XP level 7. HP: 11/43 MP: 7/7
  2995 | D:4      | Reached skill level 6 in Staves
  3307 | D:5      | Entered Level 5 of the Dungeon
  3307 | D:5      | Noticed Duvessa
  3307 | D:5      | Noticed Dowan
  3310 | D:5      | Noticed Menkaure
  3328 | D:4      | Killed Duvessa
  3341 | D:4      | Killed Dowan
  3362 | D:5      | Killed Menkaure
  3501 | D:5      | Reached skill level 7 in Staves
  3501 | D:5      | Reached XP level 8. HP: 45/48 MP: 8/8
  3575 | D:5      | Found a sand-covered staircase.
  3583 | Ossuary  | Entered an ossuary
  4124 | D:5      | Reached skill level 5 in Fighting
  4124 | D:5      | Reached skill level 8 in Staves
  4340 | D:6      | Reached skill level 5 in Armour
  4340 | D:6      | Reached XP level 9. HP: 37/54 MP: 9/9
  4415 | D:6      | Found a glowing drain.
  4419 | Sewer    | Entered a sewer
  4686 | Sewer    | Reached skill level 9 in Staves
  5583 | D:7      | Reached skill level 1 in Stealth
  5737 | D:7      | Reached skill level 10 in Staves
  5776 | D:7      | Noticed Pikel
  5784 | D:7      | Killed Pikel
  5785 | D:7      | Reached XP level 10. HP: 61/61 MP: 10/10
  5974 | D:7      | Found a staircase to the Ecumenical Temple.
  6075 | D:7      | You fall into a shaft and drop 2 floors!
  6179 | D:9      | Noticed a kobold demonologist
  6188 | D:9      | Killed a kobold demonologist
  6189 | D:9      | Reached skill level 11 in Staves
  7185 | Temple   | Entered the Ecumenical Temple
  7259 | Temple   | Became a worshipper of Trog the Wrathful
  7441 | D:9      | Identified the +3 leather armour "Huhos" {Str+2}
  7848 | D:9      | Reached XP level 11. HP: 69/69 MP: 11/11
  8343 | D:10     | Entered Level 10 of the Dungeon
  8435 | D:10     | Found a portal to a secret trove of treasure.
  8647 | D:2      | Bought a scroll of fog for 44 gold pieces
  8839 | D:10     | Noticed Sonja
  8849 | D:10     | Killed Sonja
  8850 | D:10     | Reached skill level 12 in Staves
  8977 | D:10     | Noticed a two-headed ogre
  8978 | D:10     | Noticed a two-headed ogre
  8986 | D:10     | Killed a two-headed ogre
  8998 | D:10     | Killed a two-headed ogre
  8999 | D:10     | Reached skill level 5 in Dodging
  9102 | D:10     | Noticed Joseph
  9133 | D:10     | Killed Joseph
  9294 | D:10     | Noticed Maurice
  9312 | D:10     | Killed Maurice
  9312 | D:10     | Reached * piety under Trog
  9335 | D:10     | Found a staircase to the Lair.
  9750 | D:11     | Noticed a two-headed ogre
  9764 | D:11     | Killed a two-headed ogre
  9765 | D:11     | Reached skill level 1 in Evocations
  9859 | D:11     | Reached skill level 10 in Armour
  9925 | D:11     | Reached skill level 13 in Staves
  9934 | D:11     | Reached XP level 12. HP: 40/76 MP: 12/12
  9946 | D:11     | Found a staircase to the Orcish Mines.
 10017 | D:11     | Noticed a two-headed ogre
 10031 | D:11     | Killed a two-headed ogre
 10379 | D:12     | Noticed a two-headed ogre
 10391 | D:12     | Killed a two-headed ogre
 10406 | D:12     | Reached skill level 10 in Fighting
 10444 | Lair:1   | Entered Level 1 of the Lair of Beasts
 10559 | Lair:1   | Reached ** piety under Trog
 10794 | Lair:1   | Reached skill level 14 in Staves
 10822 | Lair:1   | Found a runed translucent gate.
 10822 | Lair:1   | Found a runed translucent gate.
 10828 | Lair:1   | Found a runed translucent gate.
 10831 | Lair:1   | Noticed salammoniac's ghost (novice FeCK)
 10846 | Lair:1   | Killed salammoniac's ghost
 11016 | Lair:1   | Noticed an eight-headed hydra
 11027 | Lair:1   | Killed an eight-headed hydra
 11808 | Lair:2   | Noticed Amaemon
 11832 | Lair:2   | Killed Amaemon
 11837 | Lair:2   | Reached XP level 13. HP: 72/84 MP: 13/13
 12065 | Lair:2   | Reached *** piety under Trog
 12078 | Lair:2   | Noticed Erica
 12082 | Lair:2   | Noticed Nergalle
 12089 | Lair:2   | Slain by a komodo dragon

Illustrated notes

Levels and vault maps discovered:
D:1:      giann_horns, layout_rooms, hellmonk_ecumenical_altar_arch_garden,
          grunt_decor_fettered
D:2:      layout_loops_ring, serial_shops, shop, grunt_decor_one_mirror,
          nicolae_concentric_dashed_squares_mild, minmay_gold_behind_fungi,
          grunt_decor_mini_mirrors
D:3:      cheibrodos_fertilizer, layout_loops_ring
D:4:      layout_basic, vehumet_altar_wand_db, mainiacjoe_overflow_24_doors,
          serial_shops, shop, amcnicky_mini_pool_small, grunt_decor_resistance
D:5:      layout_cave_pools, nicolae_ossuary_entry_catacombs, uniq_duvessa,
          uniq_menkaure
D:6:      lemuel_ratsnest, layout_cave_pools, gup_sewer_entry_bowl
D:7:      layout_basic, temple_hall, kennysheep_doodads, st_stairs_7, uniq_pikel
D:8:      layout_basic
D:9:      layout_grid_maze, nicolae_zen_rock_garden, palyth_stone_intersect,
          grunt_ministairs_2, nicolae_lava_and_water
D:10:     layout_roguey, lair_entry_dummy, nicolae_trove_entry_free_sample,
          minmay_ruffians, uniq_joseph, uniq_maurice, uniq_sonja
D:11:     layout_irregular_city, kennysheep_orc_monster_closet_entryway
D:12:     layout_rooms
Temple:   nicolae_temple_slightly_damp_pantheon
Lair:1:   beast_lair_carwin_large_1, layout_cave_pods,
          ebering_ghost_rock_garden, grunt_megastairs_2, serial_bayou_shore_b
Lair:2:   layout_regular_city, hellmonk_ghost_happy_afterlife,
          eino_small_chamber_without_monster, beast_lair_carwin_10,
          uniq_amaemon, uniq_erica, uniq_nergalle

Skill      XL: |  1  2  3  4  5  6  7  8  9 10 11 12 13 |
---------------+----------------------------------------+-----
Fighting       | 3 4 5 6 8 9 11 | 11.7
Dodging        | 3 4 5 |  5.5
Staves         | 4 5 7 8 10 11 13 14 | 14.5
Armour         | 1 3 5 6 8 10 11 12 | 12.3
Throwing       | 2 |  2.0
Stealth        | 1 2 |  2.5
Evocations     | 1 |  1.0

Action                     |  1- 3 |  4- 6 |  7- 9 | 10-12 | 13-15 || total
---------------------------+-------+-------+-------+-------+-------++-------
  Melee: Quarterstaff      |    97 |   204 |   568 |   712 |    72 ||  1653
  Throw: Throwing net      |     1 |     4 |       |       |       ||     5
         Javelin           |       |       |       |     1 |       ||     1
 Invoke: Berserk           |       |       |       |     5 |       ||     5
  Evoke: Wand              |       |       |       |     3 |       ||     3
    Use: Scroll            |       |    11 |     5 |    11 |       ||    27
         Potion            |       |     1 |     3 |     3 |       ||     7
   Stab: Held in net/web   |     1 |       |       |       |       ||     1
         Paralysed         |       |       |       |     3 |       ||     3
 Armour: Leather armour    |    74 |       |       |       |       ||    74
         Ring mail         |     6 |    28 |       |       |       ||    34
         Chain mail        |       |   118 |   390 |   385 |       ||   893
         Skin              |       |       |       |     3 |       ||     3
         Plate armour      |       |       |       |   176 |    74 ||   250
  Dodge: Dodged            |   122 |   109 |   313 |   362 |    35 ||   941
